 Dungeon Crawl Stone Soup version 0.20-a0-555-gf6ae02d (webtiles) character file.

14 M4edhros the Sneak (level 2, -1/18 HPs)
             Began as an Octopode Artificer on Feb 4, 2017.
             Slain by a quokka (3 damage)
             ... on level 3 of the Dungeon.
             The game lasted 00:00:55 (286 turns).

M4edhros the Sneak (Octopode Artificer)              Turns: 286, Time: 00:00:56

Health: -1/18      AC:  1    Str: 11    XL:     2   Next: 41%
Magic:  4/4        EV: 13    Int: 13    God:
Gold:   43         SH:  0    Dex: 12    Spells: 1/1 levels left

rFire    . . .     SeeInvis .   a - +0 short sword
rCold    . . .     Gourm    .   (no shield)
rNeg     . . .     Faith    .   (helmet restricted)
rPois    .         Spirit   .   (no amulet)
rElec    .         Reflect  .   (no ring)
rCorr    .         Harm     .   (no ring)
MR       .....                  (no ring)
Stlth    +++.......             (no ring)
Regen    0.1/turn               (no ring)
                                (no ring)
                                (no ring)
                                (no ring)

@: no status effects
A: almost no armour, stealthy swim, amphibious, 8 rings, constrict 8, camouflage
1, gelatinous body 1
a: no special abilities


You were on level 3 of the Dungeon.
You were not hungry.

You visited 1 branch of the dungeon, and saw 3 of its levels.

You collected 43 gold pieces.

Inventory:

Hand Weapons
 a - a +0 short sword (weapon)
Missiles
 i - 25 stones (quivered)
Wands
 b - a wand of flame (15/48)
 c - a wand of enslavement (15/24)
 d - a wand of random effects (15/48)
Scrolls
 e - a scroll of fear {unknown}
 g - a scroll of teleportation {unknown}
 k - a scroll of amnesia {unknown}
Potions
 h - a potion of curing {unknown}
 j - 2 potions of flight {unknown}
Comestibles
 f - a bread ration


   Skills:
 - Level 1.0 Fighting
 - Level 1.0 Short Blades
 - Level 2.0 Dodging
 + Level 3.4 Stealth
 - Level 3.2 Evocations


You had one spell level left.
You didn't know any spells.

Dungeon Overview and Level Annotations

Branches:
Dungeon (3/15)

Altars:
Trog


Innate Abilities, Weirdness & Mutations

You cannot wear most types of armour.
You are very stealthy in the water. (Stealth+)
You are amphibious.
You can wear up to eight rings at the same time.
You can use your tentacles to constrict eight enemies at once.
Your skin changes colour to match your surroundings (Stealth+).
Your rubbery body absorbs attacks. (AC +1, EV +1)


Message History

No target in view!
A quokka and an orc come into view.
The orc shouts!
You miss the quokka. You grab the quokka.
You constrict the quokka, but do no damage.
The quokka closely misses you. The orc hits you with a short sword.
You closely miss the orc. You grab the orc. You constrict the orc.
You constrict the quokka. The quokka bites you.
The orc hits you with a short sword.
You barely miss the quokka.
The quokka is heavily wounded.
You constrict the orc. You constrict the quokka. The quokka barely misses you.
The orc hits you with a short sword.
You hit the orc but do no damage.
The orc is moderately wounded.
You constrict the orc. You constrict the quokka. The quokka misses you.
The orc hits you with a short sword.
* * * LOW HITPOINT WARNING * * *
The quokka bites you.
You die...

#.# #.# #.# #.#
#.# #
#######.##.####
#..........<...
##.#####.##....
..###...# #.@.##
.
.........##.or..#
...###.....#...##
# #####.#####
#.....# ##
#####.# . ..
#...# # .#.#
#.#####.# ...#
###.......#


You could see an orc and a quokka.

Vanquished Creatures
  A dart slug (D:1)
  A giant cockroach (D:1)
  A goblin (D:1)
  2 jackals (D:2)
  A kobold (D:2)
  A bat (D:1)
  2 frilled lizards
  3 rats
12 creatures vanquished.

Notes
Turn   | Place    | Note
-------+----------+-------------------------------------------
     0 | D:1      | M4edhros the Octopode Artificer began the quest for the Orb.
     0 | D:1      | Reached XP level 1. HP: 13/13 MP: 3/3
   140 | D:1      | Reached XP level 2. HP: 18/18 MP: 4/4
   235 | D:3      | Found a bloodstained altar of Trog.
   286 | D:3      | Slain by a quokka

Vault maps used:
D:1:      minmay_arrival_open_corners, serial_corexii_hall,
          corexii_hall_statues_l, corexii_hall_statues_i,
          corexii_hall_statues_x, corexii_hall_statues_x, st_stairs_7
D:2:      dancing_weapons_uskayaw, zin_statuary
D:3:      kennysheep_slug_shrine, lemuel_zombie_altar_yredelemnul,
          lemuel_doored_altar, minmay_misc_feat_ornament

Skill      XL: |  1  2 |
---------------+-------+-----
Stealth        | 2 3 |  3.4
Fighting       | |  1.0
Short Blades   | |  1.0
Dodging        | |  2.0
Evocations     | |  3.2

Action                   || total
-------------------------++-------
Melee: Short sword       ||    26
       Constrict         ||     7
       Tentacles         ||     1
 Stab: Sleeping          ||     4
Armor: Skin              ||     1
Dodge: Dodged            ||    13
